 Dungeon Crawl Stone Soup version 0.18.1-50-g88ac8fd (webtiles) character file.

46398 nikopol the Severer (level 14, -3/126 (127) HPs)
             Began as a Minotaur Berserker on Oct 15, 2016.
             Was the Champion of Trog.
             Incinerated by a smoke demon (4 damage)
             ... with a sticky flame
             ... on level 8 of the Lair of Beasts.
             The game lasted 00:49:58 (16125 turns).

nikopol the Severer (Minotaur Berserker)           Turns: 16125, Time: 00:49:59

HP:   -3/126 (127)  AC: 32    Str: 24    XL:     14   Next: 4%
MP:   13/13         EV: 13    Int:  4    God:    Trog [******]
Gold: 849           SH:  0    Dex: 13    Spells: 0 memorised, 13 levels left

rFire  + . .     SeeInvis .     a - +8 frozen axe "Frostbite" {freezing cloud, *Noise +Fly rC+}
rCold  + + .     Gourm    .     n - +10 plate armour "Nehe Fum" {MR+}
rNeg   . . .     Faith    +     (shield currently unavailable)
rPois  .         Spirit   .     j - +1 hat {MR+}
rElec  .         Dismiss  .     (no cloak)
rCorr  .         Reflect  .     K - +0 pair of gloves
SustAt .         Harm     .     g - +0 pair of boots
MR     +++..                    W - amulet of faith
Stlth  ..........               R - +3 ring of protection
                                f - ring of protection from fire

@: exhausted, liquid flames, slowed, glowing, very slow, extremely resistant to
hostile enchantments, extremely unstealthy
A: retaliatory headbutt, horns 2, cold resistance 1
a: Berserk, Trog's Hand, Brothers in Arms, Burn Spellbooks, Renounce Religion,
Evoke Flight


You were on level 8 of the Lair of Beasts.
You worshipped Trog.
Trog was exalted by your worship.
You were hungry.

You visited 2 branches of the dungeon, and saw 17 of its levels.
You also visited: Labyrinth.

You collected 849 gold pieces.

Inventory:

Hand Weapons
 a - the +8 frozen axe "Frostbite" (weapon) {freezing cloud, *Noise +Fly rC+}
   (You found it in a labyrinth)

   It has been specially enchanted to freeze those struck by it, causing extra
   injury to most foes and up to half again as much damage against particularly
   susceptible opponents.
   It can also slow down cold-blooded creatures.
   It protects you from cold.
   It lets you fly.
   It may make noises in combat.
 z - a +7 longbow of flaming
Missiles
 D - 147 arrows (quivered)
Armour
 g - a +0 pair of boots (worn)
 j - a +1 hat of magic resistance (worn)
 n - the +10 plate armour "Nehe Fum" (worn) {MR+}
   (You found it on level 5 of the Lair of Beasts)

   It affects your resistance to hostile enchantments.
 K - a +0 pair of gloves (worn)
 Z - a +2 chain mail of cold resistance
Jewellery
 f - a ring of protection from fire (left hand)
 y - an uncursed ring of positive energy
 I - an uncursed ring of protection from cold
 R - a +3 ring of protection (right hand)
 W - an amulet of faith (around neck)
Wands
 b - a wand of digging (12/24)
 V - a wand of heal wounds (9/9)
Scrolls
 d - 4 scrolls of magic mapping
 e - 2 scrolls of fog
 h - 11 scrolls of remove curse
 p - 2 scrolls of identify
 t - 2 scrolls of blinking
 G - 3 scrolls of teleportation
 N - a scroll of fear
Potions
 i - 2 potions of ambrosia {unknown}
 k - a potion of cure mutation {unknown}
 l - 2 potions of agility
 m - a potion of cancellation
 w - 10 potions of curing
 x - 2 potions of resistance
 A - 5 potions of haste
 B - 2 potions of might
 M - a potion of heal wounds
 O - 3 potions of berserk rage
 P - 2 potions of flight
 Q - a potion of magic
Comestibles
 c - 9 bread rations
 o - 5 slices of pizza
 q - a chunk of flesh
 s - 9 meat rations
 S - 11 royal jellies
 T - a beef jerky
 X - 7 fruits


   Skills:
 + Level 12.6 Fighting
 * Level 15.1 Axes
 * Level 11.6 Bows
 + Level 12.8 Armour
 + Level 11.7 Dodging


You had 13 spell levels left.
You didn't know any spells.

Dungeon Overview and Level Annotations

Branches:
Dungeon (10/15)            Temple (0/1) D:7            Lair (6/8) D:8
  Swamp (0/4) Lair:3       Spider (0/4) Lair:6
  Slime: Lair:6-8       Orc: D:9-12

Altars:
Cheibriados
Elyvilon
Gozag
Kikubaaqudgha
Makhleb
Okawaru
Pakellas
Ru
Trog
Xom
Yredelemnul
The Shining One

Shops:
D:5 !   D:7 *


Innate Abilities, Weirdness & Mutations

You reflexively headbutt those who attack you in melee.
You have a pair of horns on your head.
Your flesh is cold resistant.


Message History

* * * LOW HITPOINT WARNING * * *
The sixfirhy shocks you!
* * * LOW HITPOINT WARNING * * *
You miss the sixfirhy. You slash the smoke demon! You freeze the smoke demon.
The smoke demon is heavily wounded.
You are no longer berserk.
You are exhausted.
You feel yourself slow down.
You are feeling hungry.
The sixfirhy hits you but does no damage.
The red devil hits you but does no damage.
The smoke demon gestures at you. The sticky flame hits you!
You are covered in liquid flames!
You miss the sixfirhy. Your headbutt misses the sixfirhy.
You slash the smoke demon! You freeze the smoke demon!
You kill the smoke demon!
Trog accepts your kill.
You are covered in liquid flames!
You die...

....4..#...8.8..#
###############..8.8...#
#............44...8.8..#
#....8....8...#........#
#..........4..#########+♣♣
#######''###### ♣♣♣.♣
♣....♣ ♣♣♣.... ♣♣4.4♣
♣♣♣....♣♣ ♣♣.@♣♣♣
♣♣...♣♣♣♣ ♣♣♣..♣♣♣♣♣...♣♣
♣♣♣..♣♣..♣♣♣ ♣♣♣.†..♣
♣)...♣ ♣♣♣.♣♣ ♣♣♣ ♣♣♣♣♣ .♣
♣♣♣ ♣...♣ ...♣♣..♣♣....


You could see a sixfirhy and a red devil.

Vanquished Creatures
  A minotaur (Lab)
  Josephine (Lair:6)
  8 hydras
  A catoblepas (Lair:8)
  A queen ant (Lair:5)
  9 death yaks
  Nergalle (Lair:3)
  A sun demon (Lair:8)
  A wizard (Lair:8)
  A necromancer (Lair:4)
  2 griffons
  2 black mambas
  An orange demon (Lair:8)
  A smoke demon (Lair:8)
  7 spiny frogs
  Psyche (D:9)
  7 komodo dragons
  4 ice devils (Lair:8)
  A red devil (Lair:8)
  3 rime drakes
  A polar bear (Lair:6)
  19 blink frogs
  5 wraiths (Lair:6)
  A tarantella (Lair:6)
  30 yaks
  A basilisk (Lair:4)
  A steam dragon (D:10)
  7 hippogriffs
  A hungry ghost (D:10)
  20 soldier ants (Lair:5)
  Edmund (D:5)
  2 wargs (D:8)
  The ghost of grisgris the Conjurer, an amateur DECj (D:6)
  8 water moccasins
  9 porcupines
  A black bear (D:10)
  5 orc warriors
  4 sky beasts
  An eye of draining (D:10)
  4 phantoms
  3 ogres
  A necrophage (D:6)
  8 wolves
  A centaur (D:9)
  8 crocodiles
  3 big kobolds
  10 giant frogs
  A wyvern zombie (D:10)
  A water moccasin zombie (D:7)
  5 scorpions
  7 wights
  2 electric eels (Lair:2)
  5 howler monkeys
  4 crimson imps
  A giant frog zombie (D:7)
  4 centaur zombies
  5 hounds
  12 orc wizards
  4 jellies (D:9)
  A centaur skeleton (D:7)
  6 orc priests
  A giant frog skeleton (D:8)
  7 iguanas
  26 worker ants
  4 yak simulacra (Lair:4)
  A polar bear simulacrum (Lair:4)
  13 sheep
  A wolf simulacrum (Lair:4)
  A killer bee zombie (D:5)
  A hound zombie (D:9)
  2 hound skeletons
  31 river rats
  14 adders
  4 shadow imps
  5 oozes (D:9)
  3 adder skeletons
  An adder zombie (D:6)
  2 worms (D:3)
  2 giant geckos (D:1)
  36 orcs
  4 giant cockroaches
  3 goblins
  5 hobgoblins
  20 jackals
  31 kobolds
  3 quokkas
  A ball python (D:2)
  5 bats
  A giant gecko skeleton (D:5)
  6 giant newts
  A quokka zombie (D:8)
  6 rats
  5 river rat simulacra (Lair:4)
  A bush (D:1)
  2 fungi
  2 plants
519 creatures vanquished.

Vanquished Creatures (others)
  A fungus (Lair:1)
  A plant (D:1)
2 creatures vanquished.

Grand Total: 521 creatures vanquished

Notes
Turn   | Place    | Note
--------------------------------------------------------------
     0 | D:1      | nikopol the Minotaur Berserker began the quest for the Orb.
     0 | D:1      | Reached XP level 1. HP: 19/19 MP: 0/0
   199 | D:1      | Reached XP level 2. HP: 25/27 MP: 1/1
   606 | D:1      | Reached skill level 4 in Axes
   607 | D:1      | Reached ** piety under Trog
   972 | D:2      | Reached XP level 3. HP: 33/33 MP: 2/2
  1000 | D:2      | Found a bloodstained altar of Trog.
  1304 | D:2      | Reached XP level 4. HP: 40/40 MP: 3/3
  1428 | D:3      | Reached *** piety under Trog
  1822 | D:3      | Found a sacrificial altar of Ru.
  1980 | D:3      | Found a basalt altar of Yredelemnul.
  1980 | D:3      | Found an ancient bone altar of Kikubaaqudgha.
  2054 | D:3      | Reached XP level 5. HP: 47/47 MP: 4/4
  2577 | D:4      | Found an oddly glowing altar of Pakellas.
  2700 | D:4      | Reached skill level 5 in Fighting
  2700 | D:4      | Reached skill level 5 in Axes
  2701 | D:4      | Reached XP level 6. HP: 35/56 MP: 5/5
  3625 | D:5      | Entered Level 5 of the Dungeon
  3687 | D:5      | Noticed a sky beast
  3694 | D:5      | Reached XP level 7. HP: 49/62 MP: 6/6
  3708 | D:5      | Reached **** piety under Trog
  3708 | D:5      | Reached skill level 6 in Axes
  3913 | D:5      | Reached skill level 5 in Armour
  4017 | D:5      | Noticed Edmund
  4023 | D:5      | Killed Edmund
  4023 | D:5      | Reached skill level 5 in Dodging
  4090 | D:5      | Found a snail-covered altar of Cheibriados.
  4225 | D:5      | Found Kerch's Distillery.
  4243 | D:5      | Found a shimmering altar of Xom.
  4371 | D:6      | Reached XP level 8. HP: 54/71 MP: 7/7
  4491 | D:6      | Reached skill level 7 in Axes
  4509 | D:6      | Found a burning altar of Makhleb.
  4766 | D:6      | Noticed grisgris's ghost (amateur DECj)
  4773 | D:6      | Killed grisgris's ghost
  5284 | D:7      | Found a white marble altar of Elyvilon.
  5332 | D:7      | Found a staircase to the Ecumenical Temple.
  5376 | D:7      | Reached ***** piety under Trog
  5404 | D:7      | Reached skill level 8 in Axes
  5475 | D:7      | Found Gozag's Platinum Reserve.
  5477 | D:7      | Found an opulent altar of Gozag.
  5675 | D:7      | Reached XP level 9. HP: 74/80 MP: 8/8
  6250 | D:8      | Reached skill level 9 in Axes
  6253 | D:8      | Received a gift from Trog
  6534 | D:8      | Found a staircase to the Lair.
  7234 | D:9      | Noticed Psyche
  7242 | D:9      | Killed Psyche
  7242 | D:9      | Reached XP level 10. HP: 87/90 MP: 9/9
  7358 | D:9      | Found a glowing golden altar of the Shining One.
  7659 | D:9      | Reached skill level 1 in Bows
  7976 | D:10     | Entered Level 10 of the Dungeon
  8036 | D:10     | Reached skill level 10 in Axes
  8151 | D:10     | Found an iron altar of Okawaru.
  8486 | D:10     | Received a gift from Trog
  8940 | Lair:1   | Entered Level 1 of the Lair of Beasts
  9091 | Lair:1   | Reached skill level 10 in Fighting
  9189 | Lair:1   | Reached skill level 10 in Armour
  9195 | Lair:1   | Reached XP level 11. HP: 77/98 MP: 10/10
  9239 | Lair:1   | Reached skill level 11 in Axes
  9339 | Lair:1   | Reached skill level 5 in Bows
  9876 | Lair:2   | Received a gift from Trog
  9903 | Lair:2   | Found a labyrinth entrance.
  9914 | Lab      | Entered a labyrinth
 10468 | Lab      | Noticed a minotaur
 10479 | Lab      | Killed a minotaur
 10537 | Lab      | Got a fine battleaxe
 10545 | Lair:2   | Identified the +4 battleaxe of Excruciating Pain {flame, +Inv} (You found it in a labyrinth)
 11083 | Lair:2   | Reached skill level 12 in Axes
 11189 | Lair:2   | Gained mutation: Your flesh is cold resistant. [potion of beneficial mutation]
 11388 | Lair:2   | Reached skill level 10 in Dodging
 11774 | Lair:3   | Noticed an eight-headed hydra
 11779 | Lair:3   | Killed an eight-headed hydra
 11782 | Lair:3   | Noticed Nergalle
 11790 | Lair:3   | Killed Nergalle
 11790 | Lair:3   | Received a gift from Trog
 11790 | Lair:3   | Reached XP level 12. HP: 85/109 MP: 11/11
 11854 | Lair:3   | Found a staircase to the Swamp.
 12020 | Lair:3   | Noticed a seven-headed hydra
 12025 | Lair:3   | Killed a seven-headed hydra
 12117 | Lair:3   | Noticed a death yak
 12117 | Lair:3   | Noticed a death yak
 12118 | Lair:3   | Noticed a death yak
 12118 | Lair:3   | Noticed a death yak
 12125 | Lair:3   | Noticed a death yak
 12127 | Lair:3   | Killed a death yak
 12130 | Lair:3   | Killed a death yak
 12133 | Lair:3   | Killed a death yak
 12134 | Lair:3   | Killed a death yak
 12137 | Lair:3   | Killed a death yak
 12137 | Lair:3   | Reached skill level 13 in Axes
 12293 | Lair:3   | Reached ****** piety under Trog
 12795 | Lair:4   | Noticed a five-headed hydra
 12796 | Lair:4   | Killed a five-headed hydra
 12799 | Lair:4   | Noticed a five-headed hydra
 12806 | Lair:4   | Killed a five-headed hydra
 12877 | Lair:4   | Noticed a five-headed hydra
 12883 | Lair:4   | Killed a five-headed hydra
 13204 | Lair:4   | Received a gift from Trog
 13818 | Lair:5   | Received a gift from Trog
 13831 | Lair:5   | Noticed a queen ant
 13842 | Lair:5   | Killed a queen ant
 13842 | Lair:5   | Reached XP level 13. HP: 104/116 MP: 12/12
 13854 | Lair:5   | Reached skill level 10 in Bows
 14373 | Lair:5   | Got a distressingly furry plate armour
 14388 | Lair:5   | Identified the +10 plate armour "Nehe Fum" {MR+} (You found it on level 5 of the Lair of Beasts)
 14859 | Lair:6   | Received a gift from Trog
 14865 | Lair:6   | Reached skill level 14 in Axes
 15522 | Lair:6   | Noticed Josephine
 15532 | Lair:6   | Killed Josephine
 15532 | Lair:6   | Received a gift from Trog
 15640 | Lair:6   | Found a hole to the Spider Nest.
 15760 | Lair:6   | You fall through a shaft for 2 floors!
 15760 | Lair:8   | Entered Level 8 of the Lair of Beasts
 16061 | Lair:8   | Found a burning altar of Makhleb.
 16068 | Lair:8   | Reached skill level 15 in Axes
 16105 | Lair:8   | Reached XP level 14. HP: 114/126 MP: 13/13
 16123 | Lair:8   | HP: 8/189 [sixfirhy (4)]
 16123 | Lair:8   | HP: 1/189 [sixfirhy (7)]
 16125 | Lair:8   | Incinerated by a smoke demon

Skill      XL: |  1  2  3  4  5  6  7  8  9 10 11 12 13 |
---------------+----------------------------------------+-----
Axes           | 4 5 6 8 9 10 12 13 15 | 15.1
Fighting       | 4 5 6 7 9 10 11 12 | 12.6
Armour         | 3 4 5 7 9 10 11 12 | 12.8
Dodging        | 3 4 5 6 8 9 10 11 | 11.7
Bows           | 4 7 9 11 | 11.6

Action                   |  1- 3 |  4- 6 |  7- 9 | 10-12 | 13-15 || total
-------------------------+-------+-------+-------+-------+-------++-------
Melee: Hand axe          |   155 |   141 |    79 |       |       ||   375
       Headbutt          |    29 |    26 |    58 |    58 |    29 ||   200
       War axe           |       |       |   228 |   168 |       ||   396
       Executioner's axe |       |       |       |    67 |   123 ||   190
 Fire: Shortbow          |       |       |       |    58 |       ||    58
       Longbow           |       |       |       |   262 |   192 ||   454
Invok: Berserk           |       |     1 |     5 |     3 |     1 ||    10
       Burn Spellbooks   |       |       |       |     3 |     1 ||     4
  Use: Scroll            |       |       |     1 |    28 |       ||    29
       Potion            |       |       |       |     1 |       ||     1
  Eat: Chunk             |     1 |     9 |    15 |    22 |     9 ||    56
       Fruit             |       |       |       |     1 |       ||     1
       Beef jerky        |       |       |       |     1 |       ||     1
Armor: Scale mail        |    74 |    48 |   118 |    63 |       ||   303
       Chain mail        |       |       |       |    63 |    19 ||    82
       Plate armour      |       |       |       |       |   109 ||   109
Dodge: Dodged            |    74 |    86 |   208 |   222 |   120 ||   710
